 Dungeon Crawl Stone Soup version 0.28.0-45-g0d030f2227 (webtiles) character file.

Game seed: 11753709720279977110

15052 MisterFreud the Covert (level 12, -4/87 HPs)
             Began as a Gnoll Delver on May 22, 2022.
             Was a Priest of Hepliaklqana.
             Killed from afar by a molten gargoyle (20 damage)
             ... with a bolt of magma
             ... in a volcano.
             The game lasted 00:31:58 (17227 turns).

MisterFreud the Covert (Gnoll Delver)              Turns: 17227, Time: 00:31:59

Health: -4/87      AC: 14    Str: 14    XL:     12   Next: 23%
Magic:  22/22      EV:  7    Int: 13    God:    Hepliaklqana [***...]
Gold:   429        SH: 33    Dex: 13    Spells: 22/25 levels left

rFire   + . .      SeeInvis .   J - +4 hand axe (elec)
rCold   x . .      Faith    .   H - +18 shield of the Gong {rElec rN+ Will+ EV-5}
rNeg    + . .      Spirit   .   o - +4 ring mail
rPois   .          Reflect  +   s - +0 helmet
rElec   +          Harm     .   F - +0 cloak
rCorr   .          Rampage  .   v - +0 pair of gloves
Will    +....                   (no boots)
Stlth   ++++......              t - amulet of reflection
HPRegen 0.24/turn               l - ring of fire
MPRegen 0.18/turn               (no ring)

@: no status effects
A: reduced essence, fangs 1, strong nose, distributed training
a: Renounce Religion, Recall Ancestor, Ancestor Identity, Transference


You were in a volcano.
You worshipped Hepliaklqana.
Hepliaklqana was most pleased with you.
You visited 4 branches of the dungeon, and saw 14 of its levels.
You also visited: Volcano.

You collected 597 gold pieces.
You spent 168 gold pieces at shops.

Inventory:

Hand Weapons
 a - a +0 short sword
 f - a +2 whip of venom
 G - a +4 quarterstaff of chaos
 J - a +4 hand axe of electrocution (weapon)
 K - a +2 rapier of speed
Missiles
 k - 17 poisoned darts (quivered)
 r - 4 throwing nets
 w - 4 boomerangs
 E - 4 javelins
Armour
 b - a +0 leather armour
 o - a +4 ring mail (worn)
 s - a +0 helmet (worn)
 v - a +0 pair of gloves (worn)
 F - a +0 cloak (worn)
 H - the +18 shield of the Gong (worn) {rElec rN+ Will+ EV-5}
   (You found it on level 8 of the Dungeon)

   It is deafeningly noisy when blocking attacks.
   EV:        It affects your evasion (-5).
   rElec:     It insulates you from electricity.
   rN:        It protects you from negative energy.
   Will:      It increases your willpower.
Jewellery
 l - a ring of fire (left hand)
 t - an amulet of reflection (around neck)
 L - a +6 ring of intelligence
Wands
 g - a wand of digging (5)
 j - a wand of paralysis (29)
 m - a wand of iceblast (7)
 y - a wand of flame (16)
 I - a wand of mindburst (6)
Scrolls
 c - a scroll of fog
 d - 3 scrolls of magic mapping
 e - 2 scrolls of fear
 q - 5 scrolls of teleportation
 D - a scroll of holy word
Potions
 h - 3 potions of lignification
 i - 2 potions of flight
 n - 2 potions of cancellation
 p - a potion of haste
 x - a potion of mutation
 z - a potion of curing
 A - 2 potions of might
 C - a potion of brilliance
 M - a potion of resistance {unknown}
Miscellaneous
 B - a phial of floods


   Skills:
 + Level 9.7 Fighting
 + Level 8.5 Short Blades
 + Level 7.1 Long Blades
 + Level 7.1 Axes
 + Level 7.1 Maces & Flails
 + Level 7.1 Polearms
 + Level 7.1 Staves
 + Level 7.1 Slings
 + Level 7.1 Bows
 + Level 7.1 Crossbows
 + Level 7.1 Throwing
 + Level 7.1 Armour
 + Level 8.5 Dodging
 + Level 11.8 Stealth
 + Level 7.1 Shields
 + Level 7.1 Unarmed Combat
 + Level 7.1 Spellcasting
 + Level 5.9 Conjurations
 + Level 5.9 Hexes
 + Level 5.9 Summonings
 + Level 5.9 Necromancy
 + Level 5.9 Translocations
 + Level 5.9 Transmutations
 + Level 5.9 Fire Magic
 + Level 5.9 Ice Magic
 + Level 5.9 Air Magic
 + Level 5.9 Earth Magic
 + Level 5.9 Poison Magic
 + Level 7.7 Invocations
 + Level 7.1 Evocations


You had 22 spell levels left.
You knew the following spells:

 Your Spells              Type           Power      Damage    Failure   Level
a - Swiftness             Air            19%        N/A       19%         3

Your spell library contained the following spells:

 Spells                   Type           Power      Damage    Failure   Level
 Freeze                   Ice            76%        1d9       6%          1
 Sandblast                Erth           38%        2d10      6%          1
 Shock                    Conj/Air       76%        1d7       6%          1
 Corpse Rot               Necr/Air       38%        N/A       10%         2
 Passwall                 Tmut/Erth      15%        N/A       10%         2
 Poisonous Vapours        Pois/Air       38%        N/A       10%         2
 Frozen Ramparts          Ice            38%        1d5       19%         3
 Ozocubu's Armour         Ice            19%        N/A       19%         3
 Stone Arrow              Conj/Erth      38%        3d9       19%         3
 Airstrike                Air            9%         N/A       54%         4
 Animate Armour           Summ/Erth      38%        N/A       54%         4
 Fulminant Prism          Conj/Hex       9%         3d7       54%         4
 Hailstorm                Conj/Ice       19%        3d6       54%         4
 Iskenderun's Mystic Bla  Conj/Tloc      19%        2d6       54%         4
 Blade Hands              Tmut           9%         N/A       87%         5
 Lee's Rapid Deconstruct  Erth           9%         3d8*      87%         5
 Iron Shot                Conj/Erth      9%         9d3       100%        6
 Ozocubu's Refrigeration  Ice            9%         4d6       100%        7


Dungeon Overview and Level Annotations

Branches:
Dungeon (11/15)            Temple (1/1) D:5            Lair (1/6) D:9
    Orc (1/2) D:10        Volcano (1/1)

Altars:
Cheibriados
Dithmenos
Elyvilon
Gozag
Hepliaklqana
Kikubaaqudgha
Nemelex Xobeh
Ru
Trog
Uskayaw
Vehumet
Yredelemnul
Zin
The Shining One

Shops:
D:2 *


Innate Abilities, Weirdness & Mutations

Your life essence is reduced to manifest your ancestor. (-10% HP)
You have very sharp teeth.
Your uncanny sense of smell can sniff out nearby items.
Your experience applies equally to all skills.


Message History

The bolt of magma hits you! You partially resist.
Items here: ( ))) †.
You block the molten gargoyle's attack.
SHROANNG!
You hear an angry hiss. x2
You hit the molten gargoyle. Your bite misses the molten gargoyle.
The molten gargoyle is almost destroyed.
You block the molten gargoyle's attack.
BOUMMMMG!
You hear an angry hiss.
You hit the molten gargoyle but do no damage.
The molten gargoyle is almost destroyed.
You block the molten gargoyle's attack.
PANG!
You hear an angry hiss.
You hit the molten gargoyle but do no damage.
The molten gargoyle is almost destroyed.
The molten gargoyle blasts magma at you!
The bolt of magma hits you! You partially resist.
You barely miss the molten gargoyle.
You bite the molten gargoyle, but do no damage.
The molten gargoyle is almost destroyed.
You block the molten gargoyle's attack.
GONNNNG!
You hit the molten gargoyle but do no damage.
The molten gargoyle is almost destroyed.
The molten gargoyle blasts magma at you!
The bolt of magma hits you! You partially resist.
* * * LOW HITPOINT WARNING * * *
You barely miss the molten gargoyle.
The molten gargoyle is almost destroyed.
The molten gargoyle blasts magma at you!
The bolt of magma hits you!! You partially resist.
* * * LOW HITPOINT WARNING * * *
Unknown command.
You feel better. You block the molten gargoyle's attack.
GONNNNG!
You hear an angry hiss.
You hit the molten gargoyle but do no damage.
You bite the molten gargoyle, but do no damage.
The molten gargoyle is almost destroyed.
The molten gargoyle blasts magma at you!
The bolt of magma hits you!! You partially resist.
You die...

... 8_8 ... #.§§§§≈≈≈ #)#
#.≈§≈§§≈≈ #(# #.§§§§§≈○ #.#
#.≈≈§§≈≈≈ #9# ∆∆ #..≈§§≈≈§ #@#
#.≈≈≈≈≈§≈ ∆∆ #)# #..≈≈≈§§° #.#
#.)≈§≈≈≈≈
≈.########+########.≈≈≈§≈≈°
≈≈≈≈...§..........§......§§≈...
≈≈≈§≈≈≈≈≈.≈§§≈.≈§§§.≈§§§(≈≈≈..≈≈≈
≈≈§≈≈≈§≈§≈§≈§≈≈≈§§§≈§≈§§.§§§≈§≈≈≈
≈§≈≈≈§≈≈≈§≈§§§≈≈≈≈§≈≈≈≈≈≈≈≈≈≈≈≈≈§
≈≈≈≈≈≈≈≈≈≈≈§§≈§≈≈≈≈§≈§§≈≈§§≈≈≈≈≈§


You could see a molten gargoyle.

Vanquished Creatures
  A red draconian (Volcano)
  Harold (D:7)
  A centaur warrior (Volcano)
  A two-headed ogre (D:8)
  2 vault sentinels (D:8)
  A molten gargoyle (Volcano)
  2 komodo dragons (Lair:1)
  2 yaktaurs (Volcano)
  3 hornets
  2 wyverns
  Eustachio (D:6)
  A culicivora (shapeshifter) (D:10)
  11 yaks
  A fire bat (Volcano)
  A steam dragon (D:9)
  2 wargs
  3 water moccasins
  3 orc warriors
  An ice beast (D:7)
  2 sky beasts
  A necrophage (D:6)
  3 ogres
  4 wolves (Lair:1)
  2 phantoms
  9 centaurs
  2 bullfrogs (D:8)
  Blork the orc (D:4)
  A gnoll sergeant (D:9)
  2 scorpions
  A wyvern skeleton (D:6)
  A water moccasin skeleton (D:5)
  4 wights
  A howler monkey (D:8)
  3 lava snakes (Volcano)
  2 centaur zombies
  A hound (D:4)
  Crazy Yiuf (D:7)
  A bullfrog zombie (D:5)
  2 jellies (D:5)
  6 orc priests
  A gnoll shaman (D:7)
  3 bullfrog skeletons
  An iguana (D:4)
  Ijyb (D:3)
  9 orc wizards
  A hound skeleton (D:5)
  A howler monkey zombie (D:8)
  16 gnolls
  9 adders
  A shadow imp (D:6)
  A white imp (D:7)
  An ufetubus (D:5)
  2 worms (D:2)
  5 dart slugs
  20 orcs
  8 ball pythons
  7 bats
  8 endoplasms
  6 giant cockroaches
  10 goblins
  6 hobgoblins
  14 jackals
  6 quokkas
  7 frilled lizards
  7 kobolds
  7 rats
248 creatures vanquished.

Vanquished Creatures (collateral kills)
  A two-headed ogre (D:10)
  An unseen horror (D:10)
  A cane toad (Lair:1)
  A troll (D:8)
  A meliai zombie (D:10)
  A wraith (D:9)
  A wyvern (D:7)
  4 yaks (Lair:1)
  A steam dragon (D:8)
  2 sky beasts
  A wight (D:8)
  A lava snake (Volcano)
  An orc priest (D:10)
  3 orc wizards (D:10)
  3 gnolls
  A white imp (D:7)
  8 orcs
32 creatures vanquished.

Vanquished Creatures (others)
  3 ancestors
  5 knights
  An orc wizard (D:8)
  3 fungi (Lair:1)
  26 plants (Lair:1)
38 creatures vanquished.

Grand Total: 318 creatures vanquished

Notes
Turn   | Place    | Note
-------+----------+-------------------------------------------
     0 | D:5      | Reached skill level 9 in Stealth
     0 | D:5      | MisterFreud the Gnoll Delver began the quest for the Orb.
     0 | D:5      | Reached XP level 1. HP: 23/23 MP: 1/1
    10 | D:7      | Noticed an ice beast
    26 | D:5      | Noticed a necrophage
    36 | D:5      | Noticed a yak
    38 | D:5      | Noticed a yak
    85 | D:6      | Noticed a centaur
   125 | D:5      | Noticed a phantom
   197 | D:4      | Reached XP level 2. HP: 22/29 MP: 2/2
   250 | D:4      | Reached skill level 1 in Invocations
   250 | D:4      | Reached XP level 3. HP: 14/35 MP: 2/4
   254 | D:4      | Learned a level 3 spell: Swiftness
   322 | D:4      | Reached skill level 1 in Long Blades
   322 | D:4      | Reached skill level 1 in Axes
   322 | D:4      | Reached skill level 1 in Maces & Flails
   322 | D:4      | Reached skill level 1 in Polearms
   322 | D:4      | Reached skill level 1 in Staves
   322 | D:4      | Reached skill level 1 in Slings
   322 | D:4      | Reached skill level 1 in Bows
   322 | D:4      | Reached skill level 1 in Crossbows
   322 | D:4      | Reached skill level 1 in Throwing
   322 | D:4      | Reached skill level 1 in Armour
   322 | D:4      | Reached skill level 1 in Shields
   322 | D:4      | Reached skill level 1 in Unarmed Combat
   322 | D:4      | Reached skill level 1 in Spellcasting
   322 | D:4      | Reached skill level 1 in Evocations
   860 | D:2      | Reached XP level 4. HP: 41/41 MP: 5/5
  1393 | D:1      | Reached skill level 1 in Conjurations
  1393 | D:1      | Reached skill level 1 in Hexes
  1393 | D:1      | Reached skill level 1 in Summonings
  1393 | D:1      | Reached skill level 1 in Necromancy
  1393 | D:1      | Reached skill level 1 in Translocations
  1393 | D:1      | Reached skill level 1 in Transmutations
  1393 | D:1      | Reached skill level 1 in Fire Magic
  1393 | D:1      | Reached skill level 1 in Ice Magic
  1393 | D:1      | Reached skill level 1 in Air Magic
  1393 | D:1      | Reached skill level 1 in Earth Magic
  1393 | D:1      | Reached skill level 1 in Poison Magic
  2143 | D:2      | Found Nollixt's Assorted Antiques.
  2155 | D:2      | Reached XP level 5. HP: 47/47 MP: 5/7
  2213 | D:2      | Bought a fuming inky potion for 21 gold pieces
  2213 | D:2      | Bought a bubbling brown potion for 21 gold pieces
  2213 | D:2      | Bought a grey potion for 21 gold pieces
  3602 | D:3      | Noticed an ogre
  3607 | D:3      | Killed an ogre
  3608 | D:3      | Reached XP level 6. HP: 53/53 MP: 8/8
  3656 | D:3      | Noticed Ijyb
  3715 | D:3      | Killed Ijyb
  3716 | D:3      | Reached skill level 5 in Short Blades
  3716 | D:3      | Reached skill level 5 in Dodging
  4199 | D:4      | Noticed Blork the orc
  4224 | D:4      | Killed Blork the orc
  4981 | D:5      | Reached XP level 7. HP: 59/59 MP: 10/10
  5459 | D:5      | Noticed a yak
  5467 | D:5      | Noticed a yak
  5725 | D:4      | Killed a yak
  5726 | D:4      | Reached skill level 10 in Stealth
  5952 | D:5      | Reached XP level 8. HP: 42/67 MP: 12/12
  6525 | D:6      | Killed a yak
  6920 | D:6      | Noticed a wyvern
  6932 | D:6      | Killed a wyvern
  7161 | D:6      | Noticed Eustachio
  7182 | D:6      | Killed Eustachio
  7388 | D:6      | Reached XP level 9. HP: 70/72 MP: 14/14
  8516 | D:2      | Bought a scroll of fear for 84 gold pieces
  8516 | D:2      | Bought a metallic sapphire potion for 21 gold pieces
  8616 | D:5      | Found a staircase to the Ecumenical Temple.
  8635 | Temple   | Entered the Ecumenical Temple
  8995 | Temple   | Became a worshipper of Hepliaklqana the Forgotten
  9476 | D:7      | Reached skill level 5 in Invocations
  9520 | D:7      | Noticed Harold
  9735 | D:8      | Noticed a hornet
  9751 | D:8      | Killed a hornet
 10245 | D:8      | Reached XP level 10. HP: 74/80 MP: 17/17
 10538 | D:8      | Reached skill level 5 in Long Blades
 10538 | D:8      | Reached skill level 5 in Axes
 10538 | D:8      | Reached skill level 5 in Maces & Flails
 10538 | D:8      | Reached skill level 5 in Polearms
 10538 | D:8      | Reached skill level 5 in Staves
 10538 | D:8      | Reached skill level 5 in Slings
 10538 | D:8      | Reached skill level 5 in Bows
 10538 | D:8      | Reached skill level 5 in Crossbows
 10538 | D:8      | Reached skill level 5 in Throwing
 10538 | D:8      | Reached skill level 5 in Armour
 10538 | D:8      | Reached skill level 5 in Shields
 10538 | D:8      | Reached skill level 5 in Unarmed Combat
 10538 | D:8      | Reached skill level 5 in Spellcasting
 10538 | D:8      | Reached skill level 5 in Evocations
 10576 | D:8      | Reached * piety under Hepliaklqana
 11021 | D:7      | Killed Harold
 11361 | D:7      | Found a runed translucent door.
 11362 | D:7      | Noticed Crazy Yiuf
 11478 | D:7      | Killed Crazy Yiuf
 11851 | D:8      | Noticed a vault sentinel
 11851 | D:8      | Noticed a vault sentinel
 11868 | D:8      | Killed a vault sentinel
 11869 | D:8      | Reached skill level 11 in Stealth
 11886 | D:8      | Killed a vault sentinel
 12087 | D:8      | Found the +18 shield of the Gong {rElec rN+ Will+ EV-5}
 12306 | D:9      | Noticed a two-headed ogre
 12785 | D:8      | Killed a two-headed ogre
 12786 | D:8      | Reached XP level 11. HP: 29/78 MP: 19/19
 13060 | D:9      | Reached skill level 5 in Conjurations
 13060 | D:9      | Reached skill level 5 in Hexes
 13060 | D:9      | Reached skill level 5 in Summonings
 13060 | D:9      | Reached skill level 5 in Necromancy
 13060 | D:9      | Reached skill level 5 in Translocations
 13060 | D:9      | Reached skill level 5 in Transmutations
 13060 | D:9      | Reached skill level 5 in Fire Magic
 13060 | D:9      | Reached skill level 5 in Ice Magic
 13060 | D:9      | Reached skill level 5 in Air Magic
 13060 | D:9      | Reached skill level 5 in Earth Magic
 13060 | D:9      | Reached skill level 5 in Poison Magic
 13563 | D:9      | Found a glowing silver altar of Zin.
 13614 | D:9      | Reached ** piety under Hepliaklqana
 13746 | D:9      | Found a staircase to the Lair.
 13906 | D:9      | Remembered your ancestor Akhenaten as a knight
 13942 | D:10     | Entered Level 10 of the Dungeon
 14820 | D:10     | Found a staircase to the Orcish Mines.
 16005 | Orc:1    | Entered Level 1 of the Orcish Mines
 16028 | D:11     | Noticed a two-headed ogre
 16028 | D:11     | Reached *** piety under Hepliaklqana
 16046 | D:11     | Noticed a two-headed ogre
 16047 | D:11     | Noticed a two-headed ogre
 16061 | D:10     | Killed a two-headed ogre
 16117 | Lair:1   | Entered Level 1 of the Lair of Beasts
 16471 | Lair:1   | Found a dark tunnel.
 16483 | Volcano  | Entered a volcano
 16847 | Volcano  | Noticed a red draconian
 16875 | Volcano  | Killed a red draconian
 16876 | Volcano  | Reached XP level 12. HP: 28/86 MP: 22/22
 16936 | Volcano  | Found a burning altar of Makhleb.
 16965 | Volcano  | HP: 3/87 [molten gargoyle/bolt of magma (10)]
 16971 | Volcano  | HP: 2/87 [centaur/+2 battleaxe of flaming (5)]
 17058 | Volcano  | Noticed a centaur warrior
 17067 | Volcano  | Killed a centaur warrior
 17227 | Volcano  | Killed from afar by a molten gargoyle

Illustrated notes

Levels and vault maps discovered:
D:1:      minmay_arrival_radiant_lines, layout_basic
D:2:      layout_basic, serial_shops, nicolae_shop_competitors_out_of_business,
          minmay_misc_feat_diagonals, hex_tiny, hangedman_decor_clover_reticule,
          chequers_hall_statues_y
D:3:      layout_loops_corners, uniq_ijyb
D:4:      layout_loops_corners, uniq_blork_the_orc
D:5:      layout_cave_pools, minmay_temple_entry_nine_rooms,
          amcnicky_mini_corridor_feature, minmay_misc_feat_iff, minivault_24,
          kennysheep_generic_room_16
D:6:      layout_basic, hangedman_decor_opposing, uniq_eustachio
D:7:      layout_rooms, uniq_harold, uniq_crazy_yiuf_cottage
D:8:      layout_cave_pods, kennysheep_pointless_box,
          hellmonk_guarded_unrand_gong
D:9:      layout_layer_cave, overflow_temple_1_default, lair_entry_dummy,
          minmay_misc_feat_alley, hangedman_misty_isle
D:10:     layout_layer_cave, erik_orc_4, billiards_dpeg
D:11:     cheibrodos_ideogram_h, layout_cave_pools, vehumet_statue
Temple:   mainiacjoe_temple_trianglar_array
Lair:1:   dpeg_oklob_gauntlet, layout_loops_ring, serial_bayou,
          serial_bayou_lagoon_a, serial_bayou_pond_c, serial_bayou_pond_d,
          serial_bayou_pond_b, enter_volcano_1, hangedman_tree_tricks
Orc:1:    layout_diamond_mine, uniq_josephine
Volcano:  volcano_lake [vl_original]

Skill      XL: |  1  2  3  4  5  6  7  8  9 10 11 12 |
---------------+-------------------------------------+-----
Stealth        | 10 11 | 11.8
Invocations    | 1 2 3 4 5 6 7 |  7.7
Long Blades    | 1 2 3 4 5 6 7 |  7.1
Axes           | 1 2 3 4 5 6 7 |  7.1
Maces & Flails | 1 2 3 4 5 6 7 |  7.1
Polearms       | 1 2 3 4 5 6 7 |  7.1
Staves         | 1 2 3 4 5 6 7 |  7.1
Slings         | 1 2 3 4 5 6 7 |  7.1
Bows           | 1 2 3 4 5 6 7 |  7.1
Crossbows      | 1 2 3 4 5 6 7 |  7.1
Throwing       | 1 2 3 4 5 6 7 |  7.1
Armour         | 1 2 3 4 5 6 7 |  7.1
Shields        | 1 2 3 4 5 6 7 |  7.1
Unarmed Combat | 1 2 3 4 5 6 7 |  7.1
Spellcasting   | 1 2 3 4 5 6 7 |  7.1
Evocations     | 1 2 3 4 5 6 7 |  7.1
Conjurations   | 1 2 3 4 5 |  5.9
Hexes          | 1 2 3 4 5 |  5.9
Summonings     | 1 2 3 4 5 |  5.9
Necromancy     | 1 2 3 4 5 |  5.9
Translocations | 1 2 3 4 5 |  5.9
Transmutations | 1 2 3 4 5 |  5.9
Fire Magic     | 1 2 3 4 5 |  5.9
Ice Magic      | 1 2 3 4 5 |  5.9
Air Magic      | 1 2 3 4 5 |  5.9
Earth Magic    | 1 2 3 4 5 |  5.9
Poison Magic   | 1 2 3 4 5 |  5.9
Short Blades   | 5 6 7 8 |  8.5
Dodging        | 5 6 7 8 |  8.5
Fighting       | 7 8 9 |  9.7

Action                   |  1- 3 |  4- 6 |  7- 9 | 10-12 || total
-------------------------+-------+-------+-------+-------++-------
Melee: Short sword       |    51 |   307 |       |       ||   358
       Bite              |     2 |    30 |    59 |    90 ||   181
       Punch             |     2 |     5 |     9 |     8 ||    24
       Whip              |       |     4 |   370 |   408 ||   782
       Hand axe          |       |       |       |   172 ||   172
Invok: Recall Ancestor   |       |       |       |     2 ||     2
       Ancestor Life: Kn |       |       |       |     1 ||     1
Evoke: Wand              |       |       |       |     8 ||     8
  Use: Potion            |     1 |     4 |       |     9 ||    14
       Scroll            |       |     5 |     5 |     7 ||    17
 Stab: Sleeping          |     6 |    32 |    11 |     2 ||    51
       Distracted        |       |     1 |       |     4 ||     5
       Invisible         |       |     1 |       |       ||     1
       Paralysed         |       |       |       |     7 ||     7
Armor: Leather armour    |     7 |    30 |       |       ||    37
       Ring mail         |       |    15 |   164 |   183 ||   362
Dodge: Dodged            |    32 |   163 |   234 |   125 ||   554
Block: Other             |       |       |    57 |    18 ||    75
       Reflection        |       |       |     7 |    34 ||    41
       Kite shield       |       |       |       |   832 ||   832
